 Dungeon Crawl Stone Soup version 0.29-a0-653-gd47aff6735 (webtiles) character file.

Game seed: 2207042860420892082

303 zeratav the Shooter (level 6, -1/29 HPs)
             Began as a Spriggan Arcane Marksman on June 21, 2022.
             Was an Initiate of Dithmenos.
             Killed from afar by Dowan (15 damage)
             ... with a stone arrow
             ... on level 4 of the Dungeon.
             The game lasted 00:05:47 (3717 turns).

zeratav the Shooter (Spriggan Arcane Marksman)      Turns: 3717, Time: 00:05:47

Health: -1/29      AC:  3    Str:  6    XL:     6   Next: 15%
Magic:  9/9        EV: 17    Int: 15    God:    Dithmenos [......]
Gold:   226        SH:  5    Dex: 17    Spells: 6/7 levels left

rFire   . . .      SeeInvis +   a - +0 shortbow {bow}
rCold   . . .      Faith    .   (shield currently unavailable)
rNeg    . . .      Spirit   .   b - +0 robe
rPois   .          Reflect  +   (helmet restricted)
rElec   .          Harm     .   q - +0 cloak
rCorr   .          Rampage  .   (gloves unavailable)
Will    +....                   (boots unavailable)
Stlth   ++........              w - amulet of reflection
HPRegen 0.09/turn               (no ring)
MPRegen 0.11/turn               (no ring)

@: very quick
A: very small, no large weapons, unfitting armour, see invisible, speed 3
a: Renounce Religion


You were on level 4 of the Dungeon.
You worshipped Dithmenos.
Dithmenos was noncommittal.
You visited 1 branch of the dungeon, and saw 4 of its levels.

You collected 226 gold pieces.


Innate Abilities, Weirdness & Mutations

You are very small and have problems with some larger weapons.
You are too small for most types of armour.
You have supernaturally acute eyesight. (SInv)
You cover ground extremely quickly. (Speed+++)


   Skills:
 - Level 0.7 Fighting
 + Level 7.9 Bows
 - Level 2.6 Dodging
 - Level 1.3 Spellcasting
 - Level 3.6 Hexes


You had 6 spell levels left.
You knew the following spells:

 Your Spells              Type           Power      Damage    Failure   Level
a - Slow                  Hex            44%        N/A       5%          1

Your spell library contained the following spells:

 Spells                   Type           Power      Damage    Failure   Level
 Inner Flame              Hex/Fire       6%         N/A       34%         3
 Portal Projectile        Hex/Tloc       12%        N/A       34%         3
 Cause Fear               Hex            5%         N/A       47%         4
 Animate Armour           Summ/Erth      2%         N/A       93%         4
 Blade Hands              Tmut           0%         N/A       100%        5
 Iron Shot                Conj/Erth      0%         9d1       100%        6

Inventory:

Hand Weapons
 a - a +0 shortbow (weapon) {bow}
Armour
 b - a +0 robe (worn)
 q - a +0 cloak (worn)
   (You found it on level 3 of the Dungeon)
Jewellery
 o - a ring of fire
   (You found it on level 2 of the Dungeon)
 r - an amulet of faith {!P}
   (You found it on level 3 of the Dungeon)
 w - an amulet of reflection (around neck)
   (You found it on level 4 of the Dungeon)
Scrolls
 c - 3 scrolls of vulnerability {!r!r}
 f - 2 scrolls of teleportation {unknown}
 g - 2 scrolls of fear {unknown}
 h - a scroll of brand weapon {unknown}
 i - 3 scrolls of identify {unknown}
 p - a scroll of magic mapping {unknown}
 u - a scroll of blinking {unknown}
 v - 3 scrolls of amnesia {unknown}
Potions
 d - 2 potions of curing {unknown}
 e - a potion of mutation {unknown}
 j - 3 potions of flight {unknown}
 k - 4 potions of might
 l - a potion of berserk rage {unknown}
 m - a potion of degeneration {unknown}
 n - a potion of haste {unknown}
 s - a potion of attraction {unknown}
 t - 2 potions of heal wounds {unknown}
 x - a potion of resistance

Dungeon Overview and Level Annotations

Branches:
Dungeon (4/15) Zot: 21234
 Temple: D:4-7

Altars:
Cheibriados
Dithmenos
Fedhas

Shops:
D:4 [

Annotations:
D:4 Dowan

.## #.#
#........#
#.## ##.#
##......##
##.#### #..#
##...ยง##
##....###..##
###.##
#......##...#
##..#
#......##...#
#..##
#...........#
##)##
##...##.....#
##e##
#######....#
##@.#
##...###..##
##..##..##
#.)##..#
#.....##
#.....####
#...#....#
##..#####...#
#..## ##...


You could see Dowan (fast).


Message History

Aim: Duvessa, wielding a +0 short sword and wearing a +0 scale mail (heavily wounded, fast, 70% to hit)
You shoot an arrow. The arrow hits Duvessa.
Duvessa barely misses you. Duvessa hits you with a +0 short sword.
HP[-5]
You take 5 damage, and now have 19/25 hp.
Shoot: a) +0 shortbow {bow}
Press: ? - help, Q - select action, (/) - cycle Shift-Dir - straight line, f/p - Duvessa
Aim: Duvessa, wielding a +0 short sword and wearing a +0 scale mail (severely wounded, fast, 70% to hit)
You shoot an arrow.
The arrow hits Duvessa but does no damage.
Duvessa misses you. Duvessa hits you with a +0 short sword!
* * * LOW HITPOINT WARNING * * *
HP[-12]
You take 12 damage, and now have 7/25 hp.
MASSIVE DAMAGE!! (PAUSE) HP[+1] Shoot: a) +0 shortbow {bow}
Press: ? - help, Q - select action, (/) - cycle Shift-Dir - straight line, f/p - Duvessa
Aim: Duvessa, wielding a +0 short sword and wearing a +0 scale mail (severely wounded, fast, 70% to hit)
You shoot an arrow. The arrow barely misses Duvessa.
Dowan casts a spell.
Dowan blinks!
You block Duvessa's attack.
HP[+1] Dowan says, "Magic and the sword, together, will defeat you."
Dowan mumbles some strange words.
Dowan blinks!
You see here a hound skeleton.
Duvessa says, "When magic and the sword combine, nothing stands against them."
Duvessa says, "My weaknesses are his strengths!"
Duvessa is no longer moving quickly.
HP[+1] Shoot: a) +0 shortbow {bow}
Press: ? - help, Q - select action, (/) - cycle Shift-Dir - straight line, f/p - Duvessa
Aim: Duvessa, wielding a +0 short sword and wearing a +0 scale mail (heavily wounded, 70% to hit)
You shoot an arrow. The arrow closely misses Duvessa.
Shoot: a) +0 shortbow {bow}
Press: ? - help, Q - select action, (/) - cycle Shift-Dir - straight line, f/p - Duvessa
Aim: Duvessa, wielding a +0 short sword and wearing a +0 scale mail (heavily wounded, 70% to hit)
You shoot an arrow. The arrow hits Duvessa.
Shoot: a) +0 shortbow {bow}
Press: ? - help, Q - select action, (/) - cycle Shift-Dir - straight line, f/p - Duvessa
Aim: Duvessa, wielding a +0 short sword and wearing a +0 scale mail (heavily wounded, 70% to hit)
You shoot an arrow.
The arrow hits Duvessa but does no damage.
HP[+1] Shoot: a) +0 shortbow {bow}
Press: ? - help, Q - select action, (/) - cycle Shift-Dir - straight line, f/p - Duvessa
Aim: Duvessa, wielding a +0 short sword and wearing a +0 scale mail (heavily wounded, 70% to hit)
You shoot an arrow. The arrow barely misses Duvessa.
Shoot: a) +0 shortbow {bow}
Press: ? - help, Q - select action, (/) - cycle Shift-Dir - straight line, f/p - Duvessa
Aim: Duvessa, wielding a +0 short sword and wearing a +0 scale mail (heavily wounded, 70% to hit)
You shoot an arrow. The arrow hits Duvessa.
Shoot: a) +0 shortbow {bow}
Press: ? - help, Q - select action, (/) - cycle Shift-Dir - straight line, f/p - Duvessa
Aim: Duvessa, wielding a +0 short sword and wearing a +0 scale mail (severely wounded, 70% to hit)
You shoot an arrow. The arrow barely misses Duvessa.
Shoot: a) +0 shortbow {bow}
Press: ? - help, Q - select action, (/) - cycle Shift-Dir - straight line, f/p - Duvessa
Aim: Duvessa, wielding a +0 short sword and wearing a +0 scale mail (severely wounded, 70% to hit)
You shoot an arrow. The arrow hits Duvessa!
Shoot: a) +0 shortbow {bow}
Press: ? - help, Q - select action, (/) - cycle Shift-Dir - straight line, f/p - Duvessa
Aim: Duvessa, wielding a +0 short sword and wearing a +0 scale mail (almost dead, 70% to hit)
You shoot an arrow. The arrow hits Duvessa.
Shoot: a) +0 shortbow {bow}
Press: ? - help, Q - select action, (/) - cycle Shift-Dir - straight line, f/p - Duvessa
Aim: Duvessa, wielding a +0 short sword and wearing a +0 scale mail (almost dead, 70% to hit)
You shoot an arrow. The arrow hits Duvessa.
You kill Duvessa!
Dithmenos accepts your kill.
You hear a distant wail of despair.
You have reached level 6!
HP[+2] MP[+1]
You now have 29 max hp (+4).
You regained 2 hp, and now have 13/29 hp.
Your mp is fully restored (9).
You start resting.
Dowan is nearby!
HP[+1] Shoot: a) +0 shortbow {bow}
Press: ? - help, Q - select action, (/) - cycle Shift-Dir - straight line, f - Dowan
Aim: Dowan, wielding a +0 dagger and wearing a +0 robe (lightly wounded, 53% to hit)
You shoot an arrow. The arrow hits Dowan.
Dowan seems to find hidden reserves of power!
Shoot: a) +0 shortbow {bow}
Press: ? - help, Q - select action, (/) - cycle Shift-Dir - straight line, f/p - Dowan
Aim: Dowan, wielding a +0 dagger and wearing a +0 robe (heavily wounded, fast, 53% to hit)
You shoot an arrow. The arrow closely misses Dowan.
Dowan casts a spell.
Dowan blinks!
Dowan misses you.
Shoot: a) +0 shortbow {bow}
Press: ? - help, Q - select action, (/) - cycle Shift-Dir - straight line, f/p - Dowan
Aim: Dowan, wielding a +0 dagger and wearing a +0 robe (heavily wounded, fast, 53% to hit)
You shoot an arrow. The arrow hits Dowan.
Dowan points at you and mumbles some strange words.
The stone arrow hits you!
Ouch! That really hurt!
You die...

Skill      XL: |  1  2  3  4  5 |
---------------+----------------+-----
Bows           | 3 4 5 6 7 |  7.9
Fighting       | |  0.7
Dodging        | |  2.6
Spellcasting   | |  1.3
Hexes          | |  3.6

Action                   |  1- 3 |  4- 6 || total
-------------------------+-------+-------++-------
 Fire: Shortbow          |   131 |   143 ||   274
 Cast: Slow              |     3 |     1 ||     4
Armor: Robe              |     6 |     6 ||    12
Dodge: Dodged            |    49 |    45 ||    94
Block: Other             |       |     9 ||     9

Levels and vault maps discovered:
D:1:      dpeg_arrival_arbitrary_a, layout_basic, minmay_pentomino_u4
D:2:      layout_loops_ring, shapermc_ecumenical_altar_mp_ritualfount,
          uniq_robin
D:3:      layout_basic, grunt_ministairs_1
D:4:      minmay_angry_zag, layout_cave_pods, minitemple, serial_shops, shop,
          uniq_duvessa

Notes
Turn   | Place    | Note
-------+----------+-------------------------------------------
     0 | D:1      | zeratav the Spriggan Arcane Marksman began the quest for
                  | the Orb.
     0 | D:1      | Reached XP level 1. HP: 9/9 MP: 3/3
     0 | D:1      | magus.rc [v1.9.6]
   160 | D:1      | Reached skill level 3 in Bows
   192 | D:1      | Reached XP level 2. HP: 14/14 MP: 5/5
   499 | D:1      | Reached skill level 4 in Bows
  1035 | D:2      | Reached XP level 3. HP: 17/17 MP: 6/6
  1074 | D:2      | Noticed Robin
  1100 | D:2      | Killed Robin
  1439 | D:2      | Reached skill level 5 in Bows
  1723 | D:2      | Found a faded altar of an unknown god.
  2070 | D:3      | Reached XP level 4. HP: 21/21 MP: 7/7
  2466 | D:3      | You pick up a book of Iron and begin reading...
  2466 | D:3      | You add the spells Animate Armour, Blade Hands and Iron
                  | Shot to your library.
  2538 | D:3      | Reached skill level 6 in Bows
  2933 | D:4      | Found Arinug's Antique Armour Shop.
  3104 | D:4      | Reached XP level 5. HP: 25/25 MP: 8/8
  3458 | D:4      | Found a blossoming altar of Fedhas.
  3458 | D:4      | Found a shadowy altar of Dithmenos.
  3461 | D:4      | Found a snail-covered altar of Cheibriados.
  3467 | D:4      | Became a worshipper of Dithmenos the Shadowed
  3552 | D:4      | Noticed Dowan
  3554 | D:4      | Noticed Duvessa
  3554 | D:4      | Noticed a phantom
  3559 | D:4      | Reached skill level 7 in Bows
  3710 | D:4      | Killed Duvessa
  3711 | D:4      | Reached XP level 6. HP: 13/29 MP: 9/9
  3717 | D:4      | Killed from afar by Dowan

Vanquished Creatures
  Duvessa (D:4)
  2 hounds (D:4)
  Robin (D:2)
  3 adders (D:3)
  3 dart slugs
  2 orcs
  8 endoplasms
  7 giant cockroaches
  13 goblins
  6 hobgoblins
  4 jackals
  9 kobolds
  2 quokkas
  10 ball pythons
  4 bats
  5 frilled lizards
  6 rats
86 creatures vanquished.

Vanquished Creatures (others)
  A fungus (D:2)
  4 plants (D:2)
5 creatures vanquished.

Grand Total: 91 creatures vanquished

Table legend:
 A = Non-vault XP
 B = Vault XP
 C = Vault XP percentage of total XP
 D = Non-vault monster count
 E = Vault monster count
 F = Vault count percentage of total count
                 A         B        C        D         E       F
            +---------+---------+-------+---------+---------+-------
      Total |     240 |     194 |  44.7 |      70 |      16 |  18.6
            +---------+---------+-------+---------+---------+-------
        D:1 |      30 |       7 |  18.9 |      19 |       4 |  17.4
        D:2 |      25 |      27 |  51.9 |      16 |       7 |  30.4
        D:3 |      71 |       3 |   4.1 |      19 |       2 |   9.5
        D:4 |     114 |     157 |  57.9 |      16 |       3 |  15.8
            +---------+---------+-------+---------+---------+-------

Illustrated notes

Table legend:
 A = Kills in this place as a percentage of kills in entire the game.
 B = Kills by you in this place as a percentage of kills by you in the entire game.
 C = Kills by friends in this place as a percentage of kills by friends in the entire game.
 D = Other kills in this place as a percentage of other kills in the entire game.
 E = Experience gained in this place as a percentage of experience gained in the entire game.
 F = Experience gained in this place divided by the number of levels of this place that you have seen.
                   A       B       C       D       E      F
               +-------+-------+-------+-------+-------+----------------------
         Total | 100.0 | 100.0 |   N/A |   N/A | 100.0 | 108.5
       Dungeon | 100.0 | 100.0 |   N/A |   N/A | 100.0 | 108.5
               +-------+-------+-------+-------+-------+----------------------

Table legend: (Time is in decaauts)
 A = Elapsed time spent in this place.
 B = Non-inter-level travel time spent in this place.
 C = Inter-level travel time spent in this place.
 D = Time resting spent in this place.
 E = Time spent auto-exploring this place.
 F = Levels seen in this place.
 G = Mean time per level.
                   A        B        C        D        E       F      G
               +--------+--------+--------+--------+--------+-----+--------+
         Total |   2764 |   2688 |     76 |    273 |   1823 |   4 |  691.0 |
       Dungeon |   2764 |   2688 |     76 |    273 |   1823 |   4 |  691.0 |
               +--------+--------+--------+--------+--------+-----+--------+

Top non-repeatable levels by time:
     D:1: 749 daAuts
     D:3: 742 daAuts
     D:2: 691 daAuts
     D:4: 581 daAuts
